 Dungeon Crawl Stone Soup version 0.22-a0-159-g7ce444f (webtiles) character file.

656 Azzok the Chopper (level 7, -1/41 HPs)
             Began as a Gargoyle Fighter on Feb 9, 2018.
             Killed from afar by an orc wizard (2 damage)
             ... with a puff of flame
             ... on level 3 of the Dungeon.
             The game lasted 00:04:35 (2673 turns).

Azzok the Chopper (Gargoyle Fighter)                Turns: 2673, Time: 00:04:36

Health: -1/41      AC: 15    Str: 22    XL:     7   Next: 55%
Magic:  7/7        EV:  7    Int:  8    God:
Gold:   105        SH:  0    Dex:  9    Spells: 6/6 levels left

rFire    . . .     SeeInvis .   a - +0 war axe
rCold    . . .     Gourm    .   (no shield)
rNeg     + . .     Faith    .   i - +0 chain mail
rPois    ∞         Spirit   .   (no helmet)
rElec    +         Reflect  .   (no cloak)
rCorr    .         Harm     .   h - +0 pair of gloves
MR       .....                  (no boots)
Stlth    ..........             (no amulet)
HPRegen  0.13/turn              (no ring)
MPRegen  0.10/turn              (no ring)

@: no status effects
A: negative energy resistance 1, electricity resistance, unbreathing,
petrification resistance, rot immunity, AC +4
a: no special abilities


You were on level 3 of the Dungeon.
You were not hungry.

You visited 1 branch of the dungeon, and saw 3 of its levels.

You collected 105 gold pieces.

Inventory:

Hand Weapons
 a - a +0 war axe (weapon)
Armour
 c - a +0 shield
 h - a +0 pair of gloves (worn)
 i - a +0 chain mail (worn)
Jewellery
 v - a +3 ring of strength {unknown}
Scrolls
 e - a scroll of immolation {unknown}
 k - a scroll of fog {unknown}
 l - a scroll of noise {unknown}
 m - 2 scrolls of fear {unknown}
 n - 2 scrolls of identify {unknown}
 q - a scroll of enchant weapon {unknown}
 r - a scroll of magic mapping {unknown}
Potions
 b - a potion of curing {unknown}
 g - a potion of degeneration {unknown}
 j - a potion of heal wounds {unknown}
 p - a potion of cancellation {unknown}
 s - a potion of flight {unknown}
 t - a potion of agility {unknown}
Comestibles
 f - 5 rations
 o - 3 chunks of flesh


   Skills:
 - Level 3.2 Fighting
 + Level 7.5 Axes
 - Level 3.2 Armour
 - Level 3.2 Shields


You had 6 spell levels left.
You didn't know any spells.

Dungeon Overview and Level Annotations

Branches:
Dungeon (3/15)

Altars:
Fedhas
Makhleb
Sif Muna
Trog
Uskayaw
Xom


Innate Abilities, Weirdness & Mutations

You are resistant to torment.
Your stone body is resilient. (AC +4)
You are immune to poison.
You resist negative energy. (rN+)
You are resistant to electric shocks. (rElec)
You can survive without breathing.
You are immune to petrification.
You are immune to rotting.


Message History

The orc wizard hits you but does no damage.
The orc wizard barely misses you.
You slash the orc!
You kill the orc!
Your chain mail prevents you from hitting the orc wizard.
You completely miss the orc wizard.
The orc wizard hits you but does no damage.
The orc wizard gestures at you while chanting.
You resist with some effort. The orc wizard hits you with a dagger.
* * * LOW HITPOINT WARNING * * *
The orc wizard barely misses you.
The orc wizard hits you but does no damage.
Things that are here:
a short sword; a club You barely miss the orc wizard.
You hit the orc wizard but do no damage.
The orc wizard gestures at you while chanting.
The puff of flame hits you!
You die...

▒▒▒▒▒▒▒▒▒ ······· ▒·······▒
··>···· ▒·······▒ ·······
▒·······▒ ▒▒▒▒ ·······
▒·······▒ ▒▒▒▒▒··· ·······
▒▒·······▒▒▒·····P· ·······
▒o·······▒▒·[···♣·♣
·······▒▒o@··÷···▒····(P·♣♣
▒····(··(†···▒······♣♣P
······)▒▒▒·······▒·······♣P
▒▒·······▒▒▒·▒▒▒▒▒·········
▒▒▒▒▒·▒·····▒▒▒▒▒·········
▒·▒▒▒▒················ ▒·▒▒
▒·▒▒▒▒▒▒·▒·······
▒▒▒··▒▒▒·▒▒▒▒ ▒··▒▒▒▒·▒▒
···········▒▒▒▒·▒▒▒▒·▒


You could see 2 orc wizards.

Vanquished Creatures
  Grinder (D:3)
  Purgy (D:3)
  A phantom (D:3)
  The ghost of p0werm0de the Skirmisher, a weakling VSCK of Xom (D:3)
  A crimson imp (D:2)
  Jessica (D:3)
  Terence (D:2)
  Natasha (thrice) (D:3)
  2 adders
  A dart slug (D:2)
  3 leopard geckos
  2 orcs (D:3)
  8 bats
  A giant cockroach (D:2)
  5 goblins
  9 hobgoblins
  4 jackals (D:1)
  2 quokkas
  A ball python (D:3)
  7 frilled lizards
  10 kobolds
  3 rats
68 creatures vanquished.

Notes
Turn   | Place    | Note
-------+----------+-------------------------------------------
     0 | D:1      | Azzok the Gargoyle Fighter began the quest for the Orb.
     0 | D:1      | Reached XP level 1. HP: 14/14 MP: 1/1
    68 | D:1      | Reached skill level 2 in Axes
   303 | D:1      | Reached XP level 2. HP: 19/19 MP: 2/2
   610 | D:1      | Reached skill level 3 in Axes
   657 | D:1      | Reached XP level 3. HP: 20/23 MP: 3/3
  1448 | D:2      | Found a hide-covered altar of Uskayaw.
  1512 | D:2      | Found a burning altar of Makhleb.
  1517 | D:2      | Reached skill level 4 in Axes
  1517 | D:2      | Reached XP level 4. HP: 28/28 MP: 4/4
  1672 | D:2      | Noticed Terence
  1685 | D:2      | Killed Terence
  1685 | D:2      | Reached XP level 5. HP: 20/32 MP: 5/5
  2063 | D:3      | Noticed a phantom
  2088 | D:3      | Noticed Jessica
  2090 | D:3      | Found a blossoming altar of Fedhas.
  2094 | D:3      | Killed Jessica
  2096 | D:3      | Found a shimmering altar of Xom.
  2096 | D:3      | Noticed Natasha
  2104 | D:3      | Killed Natasha
  2104 | D:3      | Reached skill level 5 in Axes
  2111 | D:3      | Killed a phantom
  2111 | D:3      | Reached XP level 6. HP: 22/37 MP: 6/6
  2191 | D:3      | Noticed Natasha
  2204 | D:3      | Killed Natasha
  2286 | D:3      | Found a deep blue altar of Sif Muna.
  2300 | D:3      | Found a bloodstained altar of Trog.
  2312 | D:3      | Reached skill level 6 in Axes
  2518 | D:3      | Noticed Grinder
  2529 | D:3      | Paralysed by Grinder for 3 turns
  2537 | D:3      | Paralysed by Grinder for 7 turns
  2549 | D:3      | Paralysed by Grinder for 5 turns
  2554 | D:3      | Killed Grinder
  2554 | D:3      | Reached XP level 7. HP: 24/41 MP: 7/7
  2600 | D:3      | Noticed Natasha
  2603 | D:3      | Killed Natasha
  2603 | D:3      | Reached skill level 7 in Axes
  2604 | D:3      | Noticed p0werm0de's ghost (weakling VSCK)
  2606 | D:3      | Noticed Purgy
  2637 | D:3      | Killed Purgy
  2653 | D:3      | Killed p0werm0de's ghost
  2661 | D:3      | HP: 1/41 [something/magic dart (5)]
  2672 | D:3      | HP: 1/41 [orc wizard/dagger (1)]
  2673 | D:3      | Killed from afar by an orc wizard

Vault maps used:
D:1:      mrwooster_arrival_statue, minmay_splitting_lines
D:2:      nicolae_overflow_crystal_walls, makhleb_grotto_becter, uniq_terence
D:3:      overflow_temple_1_default, grunt_temple_overflow_open, serial_forest,
          infiniplex_forest_zigzag_1, infiniplex_forest_lined_room_3,
          infiniplex_forest_lined_3, infiniplex_forest_join,
          infiniplex_forest_end_3, infiniplex_forest_zigzag_2,
          infiniplex_forest_clump_double, uniq_purgy, uniq_grinder,
          uniq_jessica, uniq_natasha

Skill      XL: |  1  2  3  4  5  6  7 |
---------------+----------------------+-----
Axes           | 2 3 4 5 6 7 |  7.5
Fighting       | |  3.2
Armour         | |  3.2
Shields        | |  3.2

Action                   |  1- 3 |  4- 6 |  7- 9 || total
-------------------------+-------+-------+-------++-------
Melee: War axe           |   151 |   120 |    58 ||   329
  Use: Potion            |       |     1 |     1 ||     2
  Eat: Chunk             |     2 |     4 |       ||     6
Armor: Chain mail        |   114 |   119 |    56 ||   289
       Scale mail        |     3 |       |       ||     3
Dodge: Dodged            |    80 |    63 |    27 ||   170

Table legend:
 A = Spawn XP
 B = Non-spawn XP
 C = Spawn XP percentage of total XP
 D = Spawn monster count
 E = Non-spawn monster count
 F = Spawn count percentage of total count
 G = Total turns spent on level
                    A         B        C        D         E        F      G
               +---------+---------+-------+---------+---------+-------+---------
         Total |       0 |     938 |   0.0 |       0 |      68 |   0.0 |  2673
               +---------+---------+-------+---------+---------+-------+---------
           D:1 |       0 |      36 |   0.0 |       0 |      22 |   0.0 |  1068
           D:2 |       0 |     134 |   0.0 |       0 |      25 |   0.0 |   993
           D:3 |       0 |     768 |   0.0 |       0 |      21 |   0.0 |   612
               +---------+---------+-------+---------+---------+-------+---------
